 Dungeon Crawl Stone Soup version 0.28-a0-1002-gf00fe891ef (webtiles) character file.

Game seed: 4259929335141827172

154 ytrimaz the Insei (level 5, 0/37 HPs)
             Began as an Octopode Transmuter on Dec 7, 2021.
             Was a Believer of Dithmenos.
             Slain by an adder (2 damage)
             ... on level 3 of the Dungeon.
             The game lasted 00:02:48 (2144 turns).

ytrimaz the Insei (Octopode Transmuter)             Turns: 2144, Time: 00:02:49

Health: 0/37       AC:  2    Str:  9    XL:     5   Next: 35%
Magic:  6/9        EV: 23    Int: 18    God:    Dithmenos [**....]
Gold:   1238       SH:  0    Dex: 17    Spells: 5/9 levels left

rFire   . . .      SeeInvis .     - Unarmed
rCold   . . .      Faith    .   (shield currently unavailable)
rNeg    . . .      Spirit   .   (helmet currently unavailable)
rPois   x          Reflect  .   b - amulet of the acrobat
rElec   .          Harm     .   a - +4 ring of evasion
rCorr   .          Rampage  .   g - ring of wizardry
Will    .....                   (no ring)
Stlth   +++.......              (no ring)
HPRegen 0.12/turn               (no ring)
MPRegen 0.11/turn               (no ring)
                                (no ring)
                                (no ring)

@: lethally poisoned (0 -> -5), spider-form (expiring), wreathed by umbra
A: venomous fangs, almost no armour, (amphibious), 8 rings, tiny, (camouflage
1), (gelatinous body 1), (nimble swimmer 1), (tentacles), robust 1, inability to
read while threatened, MP-powered wands
a: End Transformation, Renounce Religion, Shadow Step


You were on level 3 of the Dungeon.
You worshipped Dithmenos.
Dithmenos was pleased with you.
You were a venomous arachnid creature.
You visited 1 branch of the dungeon, and saw 3 of its levels.

You collected 1238 gold pieces.

Inventory:

Jewellery
 a - a +4 ring of evasion (left front leg)
 b - an amulet of the acrobat (around neck)
 g - a ring of wizardry (right front leg)
Potions
 c - a potion of flight
 i - a potion of cancellation {unknown}
 j - 3 potions of curing {unknown}


   Skills:
 * Level 2.1 Fighting
 - Level 2.0 Dodging
 * Level 2.3 Stealth
 + Level 4.0 Unarmed Combat
 * Level 2.8 Spellcasting
 * Level 3.0 Transmutations
 + Level 0.1 Poison Magic


You had 5 spell levels left.
You knew the following spells:

 Your Spells              Type           Power      Damage    Failure   Level
a - Beastly Appendage     Tmut           26%        N/A       6%          1
b - Spider Form           Tmut/Pois      8%         N/A       21%         3

Your spell library contained the following spells:

 Spells                   Type           Power      Damage    Failure   Level
 Wereblood                Tmut           13%        N/A       9%          2
 Foxfire                  Conj/Fire      8%         2x1d4     16%         1
 Conjure Flame            Conj/Fire      2%         6-21      34%         3
 Inner Flame              Hex/Fire       2%         N/A       34%         3
 Ice Form                 Ice/Tmut       7%         N/A       50%         4
 Flame Wave               Conj/Fire      2%         2d4       69%         4


Dungeon Overview and Level Annotations

Branches:
Dungeon (3/15)

Altars:
Dithmenos


Innate Abilities, Weirdness & Mutations

You are a venomous arachnid creature.
You have poisonous fangs.
You are tiny and dextrous.
Your spellcasting is less reliable in this form.
Your armour is entirely melded.
You are incapable of wielding weapons or throwing items.
You cannot wear most types of armour.
((You are amphibious.))
You can wear up to eight rings at the same time.
((Your skin changes colour to match your surroundings (Stealth+).))
((Your rubbery body absorbs attacks. (AC +1, EV +1)))
((You are camouflaged near water. (Stealth+)))
((You have tentacles for arms and can constrict up to eight enemies at once.))
You are robust. (+10% HP)
You sometimes lose the ability to read scrolls when taking damage.
You expend magic power (3 MP) to strengthen your wands.


Message History

Confirm with . or Enter, or press ? or * to list all spells.
The spell is quite dangerous to miscast (11% risk of failure)!
Continue anyway? [Y]es or [N]o only, please.
The spell is quite dangerous to miscast (11% risk of failure)!
Continue anyway?
You turn into a venomous arachnid creature.
You hear the brisk rusting of a distant drain.
The adder hisses angrily.
Unknown command.
An adder comes into view.
The adder hisses angrily.
The ball python hisses angrily.
You hit the adder but do no damage. The adder misses you.
The adder closely misses you.
You closely miss the adder. The adder completely misses you.
You hit the adder.
The adder is poisoned.
The adder is lightly wounded.
Your transformation is almost over.
The adder bites you.
* * * LOW HITPOINT WARNING * * *
You are lethally poisoned!
The adder poisons you!
You hit the adder.
The adder looks as sick as possible!
The adder is moderately wounded.
* * * LOW HITPOINT WARNING * * *
You feel very sick. The adder barely misses you. The adder closely misses you.
The adder completely misses you.
Unknown command.
* * * LOW HITPOINT WARNING * * *
You feel sick. The adder misses you.
It was a potion of mutation.
You feel extremely strange.
You lose the ability to read scrolls when threatened.
You feel your magical essence link to the dungeon's wands.
You feel robust.
* * * LOW HITPOINT WARNING * * *
You feel sick. The adder bites you.
* * * LOW HITPOINT WARNING * * *
The ball python barely misses you. The ball python completely misses you.
The adder bites you.
You die...

.................##......
.........................
..^.........# #.........
###.........# #.........
# #.........# #.........
###.........# #.........
............# #.........
............####SS.......
))..............sS.......
.........................
........................#
.............##.........#
.........................
.........................
.........................
..#...................##.
..#...................#


You could see 2 adders and a ball python.

Vanquished Creatures
  An orc priest (D:2)
  An orc wizard (D:3)
  4 adders
  2 dart slugs (D:1)
  5 orcs
  3 endoplasms
  5 goblins (D:1)
  7 hobgoblins
  4 jackals (D:1)
  5 kobolds
  2 quokkas (D:1)
  7 ball pythons
  4 bats
  5 rats
55 creatures vanquished.

Notes
Turn   | Place    | Note
-------+----------+-------------------------------------------
     0 | D:1      | ytrimaz the Octopode Transmuter began the quest for the
                  | Orb.
     0 | D:1      | Reached XP level 1. HP: 13/13 MP: 3/3
   163 | D:1      | Reached XP level 2. HP: 18/18 MP: 3/5
   186 | D:1      | Found a faded altar of an unknown god.
   192 | D:1      | Prayed at the altar of an unknown god.
   192 | D:1      | Became a worshipper of Dithmenos the Shadowed
   192 | D:1      | Reached * piety under Dithmenos
   336 | D:1      | Reached XP level 3. HP: 22/23 MP: 6/6
  1152 | D:2      | Learned a level 3 spell: Spider Form
  1166 | D:2      | Reached skill level 1 in Stealth
  1166 | D:2      | Reached XP level 4. HP: 16/29 MP: 4/7
  1677 | D:2      | Identified a scroll of acquirement
  1677 | D:2      | Acquired 1169 gold pieces
  1688 | D:2      | Reached ** piety under Dithmenos
  2078 | D:3      | Reached XP level 5. HP: 19/34 MP: 5/9
  2084 | D:3      | Reached skill level 4 in Unarmed Combat
  2144 | D:3      | Gained mutation: You sometimes lose the ability to read
                  | scrolls when taking damage. [potion of mutation]
  2144 | D:3      | Gained mutation: You expend magic power (3 MP) to
                  | strengthen your wands. [potion of mutation]
  2144 | D:3      | Gained mutation: You are robust. (+10% HP) [potion of
                  | mutation]
  2144 | D:3      | Slain by an adder

Illustrated notes

Levels and vault maps discovered:
D:1:      wander_arrival_fairy_ring, layout_basic, ebering_ecumenical_altar_webs
D:2:      layout_loops_cross, serial_bayou_crossing
D:3:      layout_basic, serial_shops, nicolae_shop_crystal,
          gup_sewer_entry_bubbles

Skill      XL: |  1  2  3  4  5 |
---------------+----------------+-----
Stealth        | 1 2 |  2.3
Fighting       | 2 |  2.1
Unarmed Combat | 4 |  4.0
Transmutations | 3 |  3.0
Dodging        | |  2.0
Spellcasting   | |  2.8
Poison Magic   | |  0.1

Action                   |  1- 3 |  4- 6 || total
-------------------------+-------+-------++-------
Melee: Unarmed           |    85 |    58 ||   143
       Constrict         |    21 |    10 ||    31
       Kick              |    10 |     2 ||    12
       Tentacles         |     9 |     3 ||    12
       Punch             |       |     1 ||     1
 Cast: Beastly Appendage |     9 |     1 ||    10
       Spider Form       |     1 |     5 ||     6
  Use: Scroll            |     1 |     5 ||     6
       Potion            |       |     1 ||     1
 Stab: Sleeping          |     5 |     4 ||     9
Armor: Skin              |     9 |     3 ||    12
Dodge: Dodged            |    75 |    89 ||   164

Table legend: (Time is in decaauts)
 A = Elapsed time spent in this place.
 B = Non-inter-level travel time spent in this place.
 C = Inter-level travel time spent in this place.
 D = Time resting spent in this place.
 E = Time spent auto-exploring this place.
 F = Levels seen in this place.
 G = Mean time per level.
                   A        B        C        D        E       F      G
               +--------+--------+--------+--------+--------+-----+--------+
         Total |   2132 |   2104 |     28 |    114 |   1480 |   3 |  710.7 |
       Dungeon |   2132 |   2104 |     28 |    114 |   1480 |   3 |  710.7 |
               +--------+--------+--------+--------+--------+-----+--------+

Top non-repeatable levels by time:
     D:2: 990 daAuts
     D:1: 880 daAuts
     D:3: 261 daAuts
